 Dungeon Crawl Stone Soup version 0.31.0-11-ge490571c62 (webtiles) character file.

Game seed: 7562178579926126467

40 Couri the Trooper (level 3, -1/37 HPs)
             Began as an Oni Warper on Feb 7, 2024.
             Succumbed to a scorpion's poison
             ... on level 3 of the Dungeon.
             The game lasted 00:02:22 (1980 turns).

Couri the Trooper (Oni Warper)                      Turns: 1980, Time: 00:02:23

Health: -1/37      AC:  3    Str: 17    XL:     3   Next: 50%
Magic:  6/6        EV:  9    Int: 14    God:
Gold:   160        SH:  0    Dex:  8    Spells: 7/7 levels left

rFire   . . .        q - +2 dagger (pain)
rCold   . . .        (no shield)
rNeg    . . .        b - +0 robe
rPois   .            (helmet restricted)
rElec   .            (no cloak)
rCorr   .            (gloves unavailable)
SInv    .            (boots unavailable)
Will    .....        (no amulet)
Stlth   +            (no ring)
HPRegen 0.26/turn    (no ring)
MPRegen 0.10/turn

%: no passive effects
@: lethally poisoned (-1 -> -9)
A: large, unfitting armour, horns 1, tough skin 1, double potion healing,
drunken brawling
a: no special abilities


You were on level 3 of the Dungeon.
You visited 1 branch of the dungeon, and saw 3 of its levels.

You collected 160 gold pieces.

Inventory:

Hand Weapons
 a - a +0 mace
 q - a +2 dagger of pain (weapon)
Missiles
 d - 7 darts of dispersal (quivered)
 k - 4 large rocks
Armour
 b - a +0 robe (worn)
Wands
 n - a wand of mindburst (21)
Scrolls
 c - 2 scrolls of blinking
 f - a scroll of enchant armour {unknown}
 i - 2 scrolls of identify {unknown}
 j - 2 scrolls of fog {unknown}
 l - a scroll of noise {unknown}
 m - a scroll of fear {unknown}
Potions
 e - a potion of degeneration {unknown}
 g - a potion of brilliance {unknown}
 h - a potion of curing {unknown}
 o - a potion of berserk rage {unknown}
 p - a potion of might {unknown}


   Skills:
 * Level 3.6 Fighting
 * Level 2.7 Maces & Flails
 - Level 1.1 Throwing
 + Level 0.6 Armour
 - Level 2.2 Dodging
 - Level 2.5 Spellcasting
 - Level 2.8 Translocations


You had 7 spell levels left.
You didn't know any spells.
Your spell library contained the following spells:

 Spells                   Type           Power      Damage    Failure   Level
 Blink                    Tloc           18%        N/A       11%         2
 Lesser Beckoning         Tloc           18%        N/A       11%         2
 Magic Dart               Conj           4%         1d3       22%         1
 Teleport Other           Tloc           9%         N/A       22%         3
 Call Imp                 Summ           2%         N/A       34%         2
 Hailstorm                Conj/Ice       1%         3d5       56%         3
 Inner Flame              Hex/Fire       1%         N/A       56%         3
 Summon Ice Beast         Ice/Summ       1%         N/A       56%         3
 Manifold Assault         Tloc           9%         N/A       56%         4
 Vhi's Electric Charge    Tloc/Air       10%        N/A       77%         4
 Irradiate                Conj/Alch      0%         3d11      99%         5
 Sculpt Simulacrum        Ice/Alch       0%         N/A       100%        6
 Ignition                 Fire           0%         3d3       100%        8


Dungeon Overview and Level Annotations

Branches:
Dungeon (3/15)

Altars:


Innate Abilities, Weirdness & Mutations

You are too large for most types of armour.
You have a pair of small horns on your head.
You have tough skin. (AC +1)
You gain doubled healing and magic from potions.
Whenever you drink a healing potion, you attack all around you.


Message History

You add the spells Magic Dart and Call Imp to your library.
There are no items here.
A bat and a scorpion come into view.
There are monsters nearby!
The scorpion stings you.
You completely miss the scorpion. The scorpion stings you.
You hit the scorpion but do no damage. The scorpion stings you.
The scorpion closely misses you.
You closely miss the scorpion. You headbutt the scorpion!
The scorpion is heavily wounded.
The scorpion barely misses you.
You barely miss the scorpion.
The scorpion is heavily wounded.
The scorpion closely misses you.
You closely miss the scorpion.
The scorpion is heavily wounded.
The scorpion stings you.
You barely miss the scorpion.
The scorpion is heavily wounded.
The scorpion stings you but does no damage.
You hit the scorpion. Your headbutt misses the scorpion.
The scorpion is severely wounded.
The scorpion closely misses you. The scorpion stings you.
You barely miss the scorpion.
The scorpion is severely wounded.
The scorpion stings you.
* * * LOW HITPOINT WARNING * * *
You hit the scorpion but do no damage. Your headbutt misses the scorpion.
The scorpion is severely wounded.
The scorpion stings you.
* * * LOW HITPOINT WARNING * * *
You are lethally poisoned!
The scorpion poisons you!
* * * LOW HITPOINT WARNING * * *
You feel very sick.
* * * LOW HITPOINT WARNING * * *
You feel sick.
You hit the scorpion but do no damage.
The scorpion is severely wounded.
You die...

#................
#...............
#.........#.....
###...............
#.................
#..............##.
#.########..#####.
#.# #..# #. #@#
#..# #s########..#
#.b.....#
#.#####.# #.# #.#
#.. ###


You could see a scorpion and a bat.

Vanquished Creatures
  An adder (D:2)
  A dart slug (D:1)
  A ribbon worm (D:2)
  An orc (D:3)
  2 bats
  4 goblins (D:1)
  7 hobgoblins
  A ball python (D:2)
  2 frilled lizards (D:1)
  4 kobolds
  A rat (D:2)
25 creatures vanquished.

Notes
Turn   | Place    | Note
-------+----------+-------------------------------------------
     0 | D:1      | Couri the Oni Warper began the quest for the Orb.
     0 | D:1      | Reached XP level 1. HP: 22/22 MP: 3/3
   207 | D:1      | Reached XP level 2. HP: 24/29 MP: 5/5
   254 | D:1      | Reached skill level 3 in Fighting
  1038 | D:2      | Reached XP level 3. HP: 21/37 MP: 6/6
  1967 | D:3      | Noticed a scorpion
  1979 | D:3      | HP: 1/37 [poisoned by a scorpion]
  1980 | D:3      | Succumbed to a scorpion's poison

Illustrated notes

Levels and vault maps discovered:
D:1:      giann_wishing_wells, layout_basic, grunt_decor_arrowhead
D:2:      layout_basic, fountainhead, moated_statue
D:3:      layout_loops_ring, minitemple, serial_shops, nicolae_shop_hallway_plus

Skill      XL: |  1  2 |
---------------+-------+-----
Fighting       | 3 |  3.6
Maces & Flails | |  2.7
Throwing       | |  1.1
Armour         | |  0.6
Dodging        | |  2.2
Spellcasting   | |  2.5
Translocations | |  2.8

Action                     || total
---------------------------++-------
  Melee: Mace              ||    65
         Headbutt          ||    13
         Dagger            ||    10
 Armour: Robe              ||    49
  Dodge: Dodged            ||    30
